 Dungeon Crawl Stone Soup version 0.16-a0-148-g3b84123 (webtiles) character file.

46 Rationalist the Bolt Thrower (level 3, -2/28 HPs)
             Began as a Centaur Hunter on Aug 15, 2014.
             Slain by an adder (5 damage)
             ... on Level 2 of the Dungeon.
             The game lasted 00:02:47 (1555 turns).

Rationalist the Bolt Thrower (Centaur Hunter)       Turns: 1555, Time: 00:02:47

HP  -2/28        AC  5     Str 19      XL: 3   Next: 46%
MP   3/3         EV  9     Int 10      God:
Gold 102         SH  0     Dex 10      Spells:  0 memorised,  2 levels left

rFire  . . .     SeeInvis .     a - +0 short sword
rCold  . . .     Clarity  .     d - +0 leather armour
rNeg   . . .     rCorr    .     (no shield)
rPois  .         rRot     .     (no helmet)
rElec  .         Spirit   .     o - +0 cloak
SustAb .         Warding  .     (no gloves)
rMut   .         Stasis   .     (no barding)
Gourm  .                        (no amulet)
MR     .....                    (no ring)
                                (no ring)

@: mighty, very quick, not resistant to hostile enchantments, very unstealthy
A: hooves 3, deformed body, speed 2, tough skin 3
a: no special abilities


You were on level 2 of the Dungeon.
You were not hungry.

You visited 1 branch of the dungeon, and saw 2 of its levels.

You collected 102 gold pieces.

Inventory:

Hand weapons
 a - a +0 short sword (weapon)
 b - a +1 hand crossbow
Missiles
 c - 20 bolts
 l - 19 bolts of flame
Armour
 d - a +0 leather armour (worn)
 o - a +0 cloak (worn)
Comestibles
 f - a bread ration
 g - 2 fruits
 i - 3 meat rations
 p - 2 slices of pizza
 t - a rotting chunk of goblin flesh
Scrolls
 h - 3 scrolls of identify
 n - a scroll of noise
 q - a scroll of enchant armour {unknown}
 r - a scroll of fear {unknown}
 s - a scroll of blinking
 u - a scroll of magic mapping {unknown}
 v - a scroll of amnesia {unknown}
Potions
 e - a potion of flight {unknown}
 j - 2 potions of might
 k - a potion of restore abilities {unknown}
 m - 2 potions of curing {unknown}
 w - a potion of agility {unknown}


   Skills:
 + Level 1.0 Fighting
 + Level 0.3 Short Blades
 + Level 5.0 Crossbows
 + Level 1.0 Armour
 + Level 1.8 Dodging
 + Level 0.5 Stealth


You had 2 spell levels left.
You didn't know any spells.

Dungeon Overview and Level Annotations

Branches:
Dungeon (2/15)

Altars:


Innate Abilities, Weirdness & Mutations

You have hooves in place of feet.
Armour fits poorly on your strangely shaped body.
You cover ground very quickly.
You have extremely tough skin (AC +3).


Message History

* * * LOW HITPOINT WARNING * * *
The adder closely misses you.
You miss the adder. Your kick misses the adder.
The adder is heavily wounded.
The adder completely misses you.
You hit the adder but do no damage.
The adder is heavily wounded.
The adder bites you.
* * * LOW HITPOINT WARNING * * *
The adder barely misses you.
You closely miss the adder.
The adder is heavily wounded.
The adder barely misses you.
You miss the adder. Your kick misses the adder.
The adder is heavily wounded.
The adder bites you but does no damage.
Drink which item? (? for menu, Esc to quit)
You feel very mighty all of a sudden.
It was a potion of might.
The adder barely misses you. The adder bites you.
You die...

...%..........
.................
#...............?..$.
##...................#
......................#
.....................#.
..#......................
..#.....................#
..##............@......=.
#.###..%).#.....S........
..#....)>.#.#......##...
#......(.........### ..
#...........#........
........(.....#.##...
..........#####.# ?.
..........# #.#
..#.......# ..


You could see an adder.

Vanquished Creatures
  A worm (D:2)
  2 giant geckos
  An ooze (D:2)
  4 bats
  2 giant cockroaches
  6 hobgoblins
  4 giant newts
  3 goblins
  8 kobolds
  4 rats (D:1)
35 creatures vanquished.

Notes
Turn   | Place    | Note
--------------------------------------------------------------
     0 | D:1      | Rationalist, the Centaur Hunter, began the quest for the Orb.
     0 | D:1      | Reached XP level 1. HP: 16/16 MP: 1/1
   426 | D:1      | Reached XP level 2. HP: 17/23 MP: 2/2
   676 | D:1      | Reached skill level 5 in Crossbows
  1164 | D:2      | Reached XP level 3. HP: 24/28 MP: 3/3
  1494 | D:2      | Reached skill level 1 in Armour
  1555 | D:2      | Slain by an adder

Action                   || total
-------------------------++-------
Melee: Short sword       ||   131
  Use: Scroll            ||     3
       Potion            ||     1
  Eat: Chunk             ||     2
